 Dungeon Crawl Stone Soup version 0.19-a0-1155-gb6eeeff (webtiles) character file.

49982 Geppetto the Fencer (level 14, -7/135 HPs)
             Began as a Minotaur Gladiator on Aug 12, 2016.
             Was a High Priest of Trog.
             Killed by divine providence
             ... invoked by an orc priest
              (11 damage)
             ... on level 2 of the Orcish Mines on Aug 13, 2016.
             The game lasted 01:01:06 (20768 turns).

Geppetto the Fencer (Minotaur Gladiator)           Turns: 20768, Time: 01:01:07

Health: -7/135     AC: 23    Str: 28    XL:     14   Next: 18%
Magic:  13/13      EV: 13    Int:  5    God:    Trog [*****.]
Gold:   1561       SH:  2    Dex: 15    Spells: 0 memorised, 13 levels left

rFire  . . .     SeeInvis .     b - +0 great sword
rCold  . . .     Gourm    .     I - +0 plate armour
rNeg   + + .     Faith    .     (shield currently unavailable)
rPois  .         Spirit   .     c - +1 hat
rElec  .         Dismiss  .     F - +0 cloak
rCorr  .         Reflect  +     s - +0 pair of gloves {Str+3}
MR     +....     Harm     .     S - +1 pair of boots of the Volcano {rN+}
Stlth  ..........               N - +2 amulet of reflection
                                j - +4 ring of strength
                                m - ring of positive energy

@: about to teleport
A: retaliatory headbutt, horns 2
a: Berserk, Trog's Hand, Brothers in Arms, Burn Spellbooks, Renounce Religion


You were on level 2 of the Orcish Mines.
You worshipped Trog.
Trog was extremely pleased with you.
You were not hungry.

You visited 3 branches of the dungeon, and saw 18 of its levels.
You also visited: Volcano.

You collected 1561 gold pieces.

Inventory:

Hand Weapons
 b - a +0 great sword (weapon)
Missiles
 d - 3 throwing nets (quivered)
 V - 7 steel tomahawks
Armour
 c - a +1 hat (worn)
 e - a +0 ring mail
 s - a +0 pair of gloves of strength (worn)
 F - a +0 cloak (worn)
 I - a +0 plate armour (worn)
 S - the +1 pair of boots of the Volcano (worn) {rN+}
   (You found it in a volcano)

   It protects you from negative energy.
Jewellery
 i - an uncursed ring of ice
 j - a +4 ring of strength (right hand)
 m - a ring of positive energy (left hand)
 u - an uncursed ring of flight
 y - an uncursed amulet of the gourmand
 N - a +2 amulet of reflection (around neck)
 R - an uncursed amulet of guardian spirit
Wands
 O - a wand of disintegration (14/24)
 W - a wand of digging (4/24)
Scrolls
 o - a scroll of enchant armour
 q - 15 scrolls of teleportation
 B - 7 scrolls of remove curse
 J - 2 scrolls of fear
 L - a scroll of blinking
Potions
 a - a potion of resistance
 g - 2 potions of cancellation
 k - 3 potions of agility
 p - 4 potions of curing
 r - 3 potions of brilliance
 t - a potion of lignification
 v - a potion of haste
 w - a potion of ambrosia {unknown}
 z - a potion of magic {unknown}
 A - 3 potions of mutation
 D - a potion of berserk rage {unknown}
 E - a potion of might {unknown}
 M - 2 potions of heal wounds {unknown}
 X - a potion of invisibility {unknown}
 Z - a potion of flight {unknown}
Miscellaneous
 U - a phial of floods
Comestibles
 f - 5 bread rations
 h - 7 meat rations
 l - 12 fruits
 n - 6 chunks of flesh
 x - 4 slices of pizza
 K - 8 beef jerkies


   Skills:
 + Level 15.1 Fighting
 - Level 18.2 Long Blades
 - Level 2.0 Throwing
 * Level 14.0 Armour
 + Level 8.5 Dodging


You had 13 spell levels left.
You didn't know any spells.

Dungeon Overview and Level Annotations

Branches:
Dungeon (10/15)            Temple (0/1) D:5            Lair (6/6) D:9
 Shoals (0/4) Lair:4        Snake (0/4) Lair:2        Slime (0/5) Lair:5
    Orc (2/2) D:9             Elf (0/3) Orc:2

Altars:
Ashenzari
Cheibriados
Dithmenos
Fedhas
Kikubaaqudgha
Makhleb
Nemelex Xobeh
Ru
Sif Muna
Trog
Uskayaw
Yredelemnul
The Shining One
Jiyva

Shops:
D:8 *


Innate Abilities, Weirdness & Mutations

You reflexively headbutt those who attack you in melee.
You have a pair of horns on your head.


Message History

Beogh smites you!
* * * LOW HITPOINT WARNING * * *
2 orcs come into view.
Unknown command.
Okay, then.
You closely miss the orc.
The orc shouts!
You headbutt the orc!
You kill the orc!
Trog accepts your kill.
The orc warrior hits you from afar with a halberd!
* * * LOW HITPOINT WARNING * * *
You closely miss the orc priest. You headbutt the orc priest!
The orc priest is heavily wounded.
The orc priest mumbles some strange prayers to Beogh against you.
Beogh smites you!
* * * LOW HITPOINT WARNING * * *
The orc priest mumbles some strange prayers to Beogh against you.
Beogh smites you!
You die...

##.###....
##....#.#o#
#........oo
##.....ooo.
#.....ooo
#..o#o# ###
#)oo.# ##.##
####.@#
#...####.#...#
##..##....).##
#.......(..#
#####..##..##.##
##.##...########
#........#
##......##
#.......###


You could see 2 orc warriors, 6 orc priests and 5 orcs.

Vanquished Creatures
  A dire elephant (Lair:6)
  Josephine (Lair:6)
  8 hydras
  A merfolk avatar (Lair:6)
  3 death yaks (Lair:6)
  2 orc sorcerers (Orc:1)
  4 griffons
  7 deep elf magi (Orc:1)
  A manticore (Lair:6)
  11 elephants
  2 oklob plants (Lair:1)
  4 black mambas
  Maurice (D:9)
  2 sirens (Lair:4)
  A torpor snail (Lair:5)
  8 spiny frogs
  5 rime drakes
  4 komodo dragons
  A wind drake (Lair:6)
  7 polar bears
  2 trolls (Orc:2)
  A slime creature (D:7)
  14 blink frogs
  2 flying skulls (Volcano)
  2 boulder beetles (Lair:6)
  A vampire (Volcano)
  18 yaks
  4 wyverns
  3 wraiths (Lair:6)
  3 hungry ghosts
  6 hippogriffs
  A steam dragon (Lair:4)
  A basilisk (Lair:1)
  A naga (Lair:2)
  A warg (Orc:1)
  7 porcupines
  A black bear (Lair:3)
  15 water moccasins
  14 orc warriors
  2 wasps (Lair:6)
  2 ice beasts
  A necrophage (D:8)
  A phantom (D:9)
  6 ogres
  10 wolves
  11 crocodiles
  A centaur (D:8)
  A gnoll sergeant (Orc:2)
  14 giant frogs
  A wyvern skeleton (D:9)
  A water moccasin skeleton (D:8)
  3 killer bees (D:7)
  10 wights (D:9)
  3 electric eels (Lair:6)
  3 crimson imps
  A jelly (D:9)
  3 hounds
  9 orc priests
  12 orc wizards
  6 iguanas
  5 worker ants
  11 sheep
  A giant frog simulacrum (D:7)
  2 mummies (Volcano)
  A worker ant zombie (D:9)
  Robin (D:4)
  9 gnolls
  7 adders
  69 river rats
  2 oozes
  5 worms
  An adder skeleton (D:4)
  2 dart slugs (D:2)
  9 giant geckos
  68 orcs
  3 giant cockroaches
  12 hobgoblins
  4 jackals (D:5)
  11 kobolds
  6 quokkas
  5 ball pythons
  5 bats
  A giant gecko skeleton (D:4)
  6 giant newts
  19 goblins
  A jackal zombie (D:5)
  9 rats
  A bush (D:3)
  3 plants (Lair:1)
551 creatures vanquished.

Vanquished Creatures (collateral kills)
  The ghost of Geppetto the Impaler, a journeyman MfGl of Ru (Lair:6)
  A hydra (Lair:3)
  Sonja (Lair:3)
  A harpy (Lair:6)
  A griffon (Lair:6)
  A spiny frog (Lair:6)
6 creatures vanquished.

Vanquished Creatures (others)
  7 fungi
  21 plants
28 creatures vanquished.

Grand Total: 585 creatures vanquished

Notes
Turn   | Place    | Note
-------+----------+-------------------------------------------
     0 | D:1      | Geppetto the Minotaur Gladiator began the quest for the Orb.
     0 | D:1      | Reached XP level 1. HP: 18/18 MP: 0/0
    29 | D:1      | Reached skill level 4 in Long Blades
   153 | D:1      | Reached XP level 2. HP: 25/25 MP: 1/1
   722 | D:2      | Reached XP level 3. HP: 31/31 MP: 2/2
   887 | D:2      | Reached skill level 5 in Long Blades
  1266 | D:2      | Found a basalt altar of Yredelemnul.
  1338 | D:2      | Reached XP level 4. HP: 28/38 MP: 3/3
  1767 | D:3      | Found a bloodstained altar of Trog.
  1828 | D:3      | Found a sparkling altar of Nemelex Xobeh.
  1828 | D:3      | Found a glowing golden altar of the Shining One.
  1834 | D:3      | Became a worshipper of Trog the Wrathful
  1877 | D:3      | Reached skill level 6 in Long Blades
  1878 | D:3      | Reached XP level 5. HP: 40/46 MP: 4/4
  2162 | D:3      | Reached * piety under Trog
  2288 | D:3      | Found a burning altar of Makhleb.
  2415 | D:4      | Noticed Robin
  2424 | D:4      | Reached skill level 7 in Long Blades
  2429 | D:4      | Killed Robin
  2640 | D:4      | Reached XP level 6. HP: 48/53 MP: 5/5
  2755 | D:4      | Reached ** piety under Trog
  2771 | D:4      | Reached skill level 5 in Fighting
  2771 | D:4      | Reached skill level 8 in Long Blades
  2776 | D:4      | Got a fine silver amulet
  2784 | D:4      | Identified the amulet of Xoafef {Harm *Drain rN+} (You took it off an orc on level 4 of the Dungeon)
  3082 | D:4      | Found a shadowy altar of Dithmenos.
  3083 | D:4      | Found a burning altar of Makhleb.
  3083 | D:4      | Found a shattered altar of Ashenzari.
  3088 | D:4      | Found a blossoming altar of Fedhas.
  3125 | D:5      | Entered Level 5 of the Dungeon
  3267 | D:5      | Reached XP level 7. HP: 61/61 MP: 6/6
  3374 | D:5      | Found a staircase to the Ecumenical Temple.
  3945 | D:6      | Found a bloodstained altar of Trog.
  4101 | D:6      | Reached skill level 9 in Long Blades
  4523 | D:7      | Found a sacrificial altar of Ru.
  4592 | D:7      | Reached *** piety under Trog
  4681 | D:7      | Noticed a hungry ghost
  4699 | D:7      | Killed a hungry ghost
  4699 | D:7      | Reached XP level 8. HP: 59/71 MP: 7/7
  4774 | D:7      | Reached skill level 10 in Long Blades
  4775 | D:7      | Found a hide-covered altar of Uskayaw.
  5139 | D:7      | Reached skill level 1 in Armour
  5339 | D:7      | Found a sparkling altar of Nemelex Xobeh.
  5340 | D:7      | Noticed a slime creature
  5359 | D:7      | Killed a slime creature
  5639 | D:8      | Reached skill level 11 in Long Blades
  5842 | D:8      | Found a snail-covered altar of Cheibriados.
  5852 | D:8      | Found Damoi's Assorted Antiques.
  5920 | D:8      | Reached XP level 9. HP: 81/81 MP: 8/8
  6705 | D:8      | Reached skill level 12 in Long Blades
  6875 | D:9      | Reached skill level 5 in Armour
  6925 | D:9      | Found a deep blue altar of Sif Muna.
  6925 | D:9      | Found an ancient bone altar of Kikubaaqudgha.
  7124 | D:9      | Found a staircase to the Lair.
  7161 | D:9      | Noticed Maurice
  7187 | D:9      | Killed Maurice
  7187 | D:9      | Reached skill level 13 in Long Blades
  7239 | D:9      | Found a staircase to the Orcish Mines.
  7456 | D:9      | Reached **** piety under Trog
  7700 | D:10     | Entered Level 10 of the Dungeon
  7789 | Lair:1   | Entered Level 1 of the Lair of Beasts
  7812 | Lair:1   | Found a dark tunnel.
  7819 | Volcano  | Entered a volcano
  7853 | Volcano  | Reached XP level 10. HP: 85/91 MP: 9/9
  7923 | Volcano  | Got a pair of bloodstained boots
  7934 | Volcano  | Identified the +1 pair of boots of the Volcano {rN+} (You found it in a volcano)
  8230 | Lair:1   | Reached skill level 14 in Long Blades
  8266 | Lair:1   | Reached skill level 10 in Fighting
  8742 | Lair:1   | Noticed a black mamba
  8750 | Lair:1   | Killed a black mamba
  9228 | Lair:1   | Noticed an oklob plant
  9248 | Lair:1   | Killed an oklob plant
  9297 | Lair:1   | Noticed an oklob plant
  9319 | Lair:1   | Killed an oklob plant
  9829 | Lair:2   | Noticed a spiny frog
  9838 | Lair:2   | Killed a spiny frog
  9838 | Lair:2   | Reached XP level 11. HP: 99/101 MP: 10/10
  9928 | Lair:2   | Noticed a four-headed hydra
  9936 | Lair:2   | Killed a seven-headed hydra
  9982 | Lair:2   | Reached skill level 5 in Dodging
 10016 | Lair:2   | Reached skill level 10 in Armour
 10097 | Lair:2   | Found a staircase to the Snake Pit.
 10223 | Lair:2   | Noticed a five-headed hydra
 10232 | Lair:2   | Killed a ten-headed hydra
 10232 | Lair:2   | Reached ***** piety under Trog
 10495 | Lair:3   | Noticed Sonja
 10511 | Lair:3   | Received a gift from Trog
 10909 | Lair:3   | Noticed a four-headed hydra
 10931 | Lair:3   | Killed an 18-headed hydra
 11603 | Lair:3   | Noticed an eight-headed hydra
 11612 | Lair:3   | Killed an eight-headed hydra
 11923 | Lair:3   | Killed Sonja
 12383 | Lair:4   | Upgraded the game from 0.19-a0-1127-gac58878 to 0.19-a0-1155-gb6eeeff
 12687 | Lair:4   | Reached XP level 12. HP: 65/112 MP: 11/11
 13800 | Lair:4   | Found a staircase to the Shoals.
 14602 | Lair:5   | Found a viscous altar of Jiyva.
 14602 | Lair:5   | Found a staircase to the Slime Pits.
 14641 | Lair:5   | Reached skill level 15 in Long Blades
 14927 | Lair:6   | Entered Level 6 of the Lair of Beasts
 14966 | Lair:6   | Noticed Geppetto's ghost (journeyman MfGl)
 15005 | Lair:6   | Killed Geppetto's ghost
 15312 | Lair:6   | Noticed a death yak
 15312 | Lair:6   | Noticed a death yak
 15321 | Lair:6   | Noticed a death yak
 15325 | Lair:6   | Killed a death yak
 15328 | Lair:6   | Killed a death yak
 15337 | Lair:6   | Killed a death yak
 15337 | Lair:6   | Reached XP level 13. HP: 122/122 MP: 12/12
 15486 | Lair:6   | Reached skill level 16 in Long Blades
 16434 | Lair:6   | Noticed Josephine
 16720 | Lair:6   | Reached skill level 17 in Long Blades
 17115 | Lair:6   | Killed Josephine
 17432 | Lair:6   | Noticed a dire elephant
 18340 | Lair:6   | Killed a dire elephant
 18340 | Lair:6   | Reached skill level 18 in Long Blades
 19320 | Orc:1    | Entered Level 1 of the Orcish Mines
 19543 | Orc:1    | Reached XP level 14. HP: 133/133 MP: 13/13
 19739 | Orc:1    | Reached skill level 15 in Fighting
 19932 | Orc:1    | Received a gift from Trog
 20060 | Orc:2    | Entered Level 2 of the Orcish Mines
 20173 | Orc:2    | Found a staircase to the Elven Halls.
 20768 | Orc:2    | HP: 4/135 [orc priest/divine providence (15)]
 20768 | Orc:2    | Killed from afar by an orc priest

Vault maps used:
D:1:      dpeg_arrival_chase
D:2:      yredelemnul_altar_generic, first_bread, hangedman_decor_riveting,
          minmay_mini_jars
D:3:      gammafunk_temple_overflow_forgotten, serial_glass, glass_columns_a,
          glass_columns_c, makhleb_blood_cavern_becter
D:4:      minitemple, minmay_misc_feat_encased, uniq_robin
D:6:      basic_altar, glass_columns_a
D:7:      eat_drink_and_be_merry_uskayaw, nicolae_ru_awakened_eye,
          grunt_nemelex_the_gamble
D:8:      kennysheep_mini_moat, serial_shops, shop, grunt_ogre_cave
D:9:      kennysheep_six_static_rooms, gammafunk_temple_overflow_wave,
          lair_0_dummy, orc_0_dummy, uniq_maurice
Lair:1:   minmay_lair_oklob_tunnel, nicolae_volcano_entry_hallway,
          grunt_megastairs_5
Lair:2:   guppyfry_snake_entry_garden, grunt_megastairs_3
Lair:3:   uniq_sonja
Lair:4:   elwin_shoals_entry_rooms, minivault_24, serial_bayou_lagoon_a,
          st_stairs_11
Lair:5:   slime_altar_1
Lair:6:   gammafunk_lair_ancient_temple, lemuel_fruit_fields, uniq_josephine
Orc:1:    elves_outpost_lemuel
Orc:2:    st_orc_pillars
Volcano:  volcano_tomb

Skill      XL: |  1  2  3  4  5  6  7  8  9 10 11 12 13 14 |
---------------+-------------------------------------------+-----
Long Blades    | 4 5 6 7 8 9 11 13 14 15 18 | 18.2
Fighting       | 3 4 5 6 7 9 10 11 13 14 15 | 15.1
Armour         | 3 6 9 12 13 14 | 14.0
Dodging        | 4 7 8 |  8.5
Throwing       | |  2.0

Action                   |  1- 3 |  4- 6 |  7- 9 | 10-12 | 13-15 || total
-------------------------+-------+-------+-------+-------+-------++-------
Melee: Long sword        |    66 |   220 |   257 |   540 |       ||  1083
       Headbutt          |     7 |    60 |    65 |   234 |   144 ||   510
       Great sword       |       |       |       |   213 |   516 ||   729
Throw: Throwing net      |       |       |     1 |     2 |       ||     3
Invok: Berserk           |       |       |     7 |     7 |     8 ||    22
       Burn Spellbooks   |       |       |     1 |     1 |       ||     2
       Brothers in Arms  |       |       |       |     4 |     5 ||     9
       Trog's Hand       |       |       |       |       |     4 ||     4
  Use: Scroll            |     2 |     4 |    10 |     5 |     4 ||    25
       Potion            |       |       |       |     1 |       ||     1
  Eat: Chunk             |     1 |     7 |    18 |    22 |    18 ||    66
       Bread ration      |       |       |     1 |     2 |     1 ||     4
       Fruit             |       |       |     5 |     1 |     4 ||    10
       Meat ration       |       |       |       |       |     1 ||     1
Armor: Leather armour    |     7 |       |       |       |       ||     7
       Ring mail         |     8 |    50 |    24 |       |       ||    82
       Plate armour      |       |       |    88 |   360 |   212 ||   660
Dodge: Dodged            |    39 |   103 |    70 |   319 |   240 ||   771
Block: Other             |       |       |       |     7 |    17 ||    24
       Reflection        |       |       |       |       |     1 ||     1
